 Dungeon Crawl Stone Soup version 0.18.1-50-g88ac8fd (webtiles) character file.

74 Chiseanne the Gusty (level 4, 0/33 HPs)
             Began as a Centaur Air Elementalist on Oct 8, 2016.
             Was an Initiate of Gozag.
             Slain by a kobold
             ... wielding a +0 short sword
              (1 damage)
             ... on level 3 of the Dungeon on Oct 9, 2016.
             The game lasted 00:07:29 (3465 turns).

Chiseanne the Gusty (Centaur Air Elementalist)      Turns: 3465, Time: 00:07:30

Health: 0/33       AC:  6    Str: 10    XL:     4   Next: 10%
Magic:  0/7        EV:  9    Int: 15    God:    Gozag
Gold:   168        SH:  0    Dex: 10    Spells: 2 memorised, 3 levels left

rFire  . . .     SeeInvis .     s - +0 dagger (speed)
rCold  . . .     Gourm    .     l - +1 robe
rNeg   . . .     Faith    .     (no shield)
rPois  .         Spirit   .     (no helmet)
rElec  .         Dismiss  .     r - +0 cloak
rCorr  .         Reflect  .     (no gloves)
SustAt .         Harm     .     (no barding)
MR     .....                    (no amulet)
Stlth  ++........               (no ring)
                                m - ring of stealth

@: gold aura, very slightly contaminated, very quick, not resistant to hostile
enchantments, unstealthy
A: hooves 3, deformed body, speed 2, tough skin 3
a: Potion Petition, Call Merchant, Bribe Branch, Renounce Religion


You were on level 3 of the Dungeon.
You worshipped Gozag.
Gozag was noncommittal.
You were not hungry.

You visited 1 branch of the dungeon, and saw 3 of its levels.

You collected 224 gold pieces.
You paid 56 gold pieces to Gozag.

Inventory:

Hand Weapons
 a - a +0 dagger of protection
 n - a +1 short sword of venom
 p - a cursed -1 dagger
 q - a +0 hunting sling of evasion
 s - a +0 dagger of speed (weapon)
Missiles
 d - 65 sling bullets
 g - 39 stones
 i - 3 tomahawks (quivered)
 j - 21 poisoned needles
 k - 20 bolts
Armour
 f - a +0 buckler
 l - a +1 robe (worn)
 r - a +0 cloak (worn)
Jewellery
 m - a ring of stealth (left hand)
 o - an uncursed ring of see invisible {unknown}
Potions
 e - a potion of heal wounds
 h - 2 potions of curing
 t - a potion of flight {unknown}
Books
 b - a book of Air

   Spells                             Type                      Level
   a - Shock                          Conjuration/Air              1
   b - Swiftness                      Charms/Air                   2
   c - Repel Missiles                 Charms/Air                   2
   d - Static Discharge               Conjuration/Air              3
   e - Lightning Bolt                 Conjuration/Air              5
Comestibles
 c - a bread ration


   Skills:
 - Level 1.3 Dodging
 - Level 1.2 Stealth
 * Level 2.1 Spellcasting
 * Level 2.0 Conjurations
 * Level 3.6 Air Magic


You had 3 spell levels left.
You knew the following spells:

 Your Spells              Type           Power        Failure   Level  Hunger
a - Shock                 Conj/Air       ##..         10%         1    #......
b - Static Discharge      Conj/Air       ##......     24%         3    ###....


Dungeon Overview and Level Annotations

Branches:
Dungeon (3/15)

Altars:
Elyvilon
Fedhas
Gozag
Nemelex Xobeh
Okawaru
Ru
Sif Muna
Xom
Yredelemnul
Zin


Innate Abilities, Weirdness & Mutations

You have hooves in place of feet.
Armour fits poorly on your strangely shaped body.
You cover ground very quickly.
You have extremely tough skin (AC +3).


Message History

Press: ? - help, Shift-Dir - straight line, f/p - gnoll
Aim: a gnoll, wielding a club and wearing a leather armour (almost dead)
You miscast Shock.
You are very lightly contaminated with residual magic.
Sparks fly from your hands! The kobold hits you with a short sword.
* * * LOW HITPOINT WARNING * * *
The gnoll hits you with a quarterstaff.
* * * LOW HITPOINT WARNING * * *
Casting: Shock
Confirm with . or Enter, or press ? or * to list all spells.
You don't have enough magic to cast that spell.
Casting: Shock
Confirm with . or Enter, or press ? or * to list all spells.
You don't have enough magic to cast that spell.
Casting: Shock
Confirm with . or Enter, or press ? or * to list all spells.
You don't have enough magic to cast that spell.
The kobold hits you with a short sword.
You die...
Your body crumbles into a pile of gold.

#.####.#.# #.# #######.#### ###
#.#.# #.# #........ #######.#.#
#.# #.##.#### ..........# #.#
######.##.###. ..........######.#
#............. .................#
#......##.###.
.........###########......##..##.
#######.....ggg.K#........###.##.
#.......######@#.#......# #..#.
###.......# #......<#.#..# ##.#.
.......g..# #....####.#..# #...
..........# #....# #.#..#####..
.....###### #....####.#.........
.....# #.........#.......#.
.....# ######....#######......+.
.....# #........).............#.
.....# #.####.....########.#.###


You could see 3 gnolls and a kobold.

Vanquished Creatures
  A gnoll (D:3)
  An adder (D:3)
  A worm (D:2)
  A dart slug (D:1)
  A giant gecko (D:1)
  An orc (D:3)
  7 bats
  5 giant cockroaches
  7 goblins
  3 hobgoblins
  2 jackals (D:1)
  A quokka (D:3)
  2 giant newts
  5 kobolds
  9 rats
47 creatures vanquished.

Notes
Turn   | Place    | Note
--------------------------------------------------------------
     0 | D:1      | Chiseanne the Centaur Air Elementalist began the quest for the Orb.
     0 | D:1      | Reached XP level 1. HP: 14/14 MP: 3/3
    52 | D:1      | Reached skill level 1 in Conjurations
   503 | D:1      | Reached skill level 3 in Air Magic
   623 | D:1      | Reached XP level 2. HP: 20/20 MP: 0/4
  1704 | D:2      | Reached XP level 3. HP: 17/26 MP: 0/5
  2580 | D:2      | Learned a level 3 spell: Static Discharge
  2739 | D:3      | Found a blossoming altar of Fedhas.
  2740 | D:3      | Found a sacrificial altar of Ru.
  2740 | D:3      | Found an iron altar of Okawaru.
  2742 | D:3      | Found a glowing silver altar of Zin.
  2742 | D:3      | Found a deep blue altar of Sif Muna.
  2745 | D:3      | Found a basalt altar of Yredelemnul.
  2745 | D:3      | Found a sparkling altar of Nemelex Xobeh.
  2747 | D:3      | Found a white marble altar of Elyvilon.
  2803 | D:3      | Found an opulent altar of Gozag.
  2809 | D:3      | Became a worshipper of Gozag Ym Sagoz the Greedy
  3331 | D:3      | Reached XP level 4. HP: 33/33 MP: 0/7
  3431 | D:3      | Found a shimmering altar of Xom.
  3464 | D:3      | HP: 1/33 [gnoll/quarterstaff (4)]
  3465 | D:3      | Slain by a kobold

Skill      XL: |  1  2  3 |
---------------+----------+-----
Conjurations   | 1 2 |  2.0
Air Magic      | 3 |  3.6
Spellcasting   | 2 |  2.1
Dodging        | |  1.3
Stealth        | |  1.2

Action                   |  1- 3 |  4- 6 || total
-------------------------+-------+-------++-------
Melee: Spear             |    25 |       ||    25
       Kick              |    13 |       ||    13
       Dagger            |    55 |     1 ||    56
 Cast: Shock             |    86 |     8 ||    94
  Use: Scroll            |    11 |     1 ||    12
 Stab: Sleeping          |     1 |       ||     1
  Eat: Chunk             |     6 |       ||     6
       Bread ration      |     1 |       ||     1
Armor: Robe              |    35 |     5 ||    40
Dodge: Dodged            |    51 |     4 ||    55
